 Dungeon Crawl Stone Soup version 0.29.1-15-g9cfb28693d (webtiles) character file.

Game seed: 11954015162176332537

22 IndexError the Shooter (level 2, -2/18 HPs)
             Began as a Gargoyle Hunter on Mar 6, 2023.
             Slain by a worm (4 damage)
             ... on level 2 of the Dungeon.
             The game lasted 00:01:04 (627 turns).

IndexError the Shooter (Gargoyle Hunter)             Turns: 627, Time: 00:01:05

Health: -2/18      AC:  5    Str: 14    XL:     2   Next: 91%
Magic:  2/2        EV: 11    Int:  9    God:
Gold:   54         SH:  0    Dex: 13    Spells: 1/1 levels left

rFire   . . .      SeeInvis .   a - +0 shortbow
rCold   . . .      Faith    .   (shield currently unavailable)
rNeg    + . .      Spirit   .   c - +0 leather armour
rPois   ∞          Reflect  .   (no helmet)
rElec   +          Harm     .   (no cloak)
rCorr   .          Rampage  .   (no gloves)
Will    .....                   (no boots)
Stlth   +.........              (no amulet)
HPRegen 0.06/turn               (no ring)
MPRegen 0.08/turn               (no ring)

@: no status effects
A: sickness immunity, AC +2, negative energy resistance 1, electricity
resistance, torment resistance 1, petrification resistance
a: no special abilities


You were on level 2 of the Dungeon.
You visited 1 branch of the dungeon, and saw 2 of its levels.

You collected 54 gold pieces.

Inventory:

Hand Weapons
 a - a +0 shortbow (weapon)
Missiles
 d - 6 javelins
Armour
 c - a +0 leather armour (worn)
Scrolls
 b - a scroll of immolation {!r}
 e - a scroll of teleportation {unknown}
 f - a scroll of fog {unknown}


   Skills:
 + Level 2.7 Fighting
 * Level 4.5 Ranged Weapons
 - Level 1.5 Dodging
 - Level 1.1 Stealth


You had one spell level left.
You didn't know any spells.
Your spell library was empty.

Dungeon Overview and Level Annotations

Branches:
Dungeon (2/15)

Altars:


Innate Abilities, Weirdness & Mutations

You are immune to sickness and miasma.
Your stone body is resilient. (AC +2)
You are immune to poison.
You resist negative energy. (rN+)
You are resistant to electric shocks. (rElec)
You are resistant to unholy torment.
You are immune to petrification.


Message History

You see here a bat corpse.
A rat is nearby!
You shoot an arrow.
The arrow hits the rat but does no damage.
You shoot an arrow. The arrow hits the rat.
No target in view!
No target in view!
No target in view!
You now have 43 gold pieces (gained 12).
A bat comes into view.
You shoot an arrow. The arrow hits the bat.
No target in view!
No target in view!
There is a stone staircase leading down here.
You see here a ball python corpse.
f - a scroll labelled CARE FEBUOGOMIG You now have 54 gold pieces (gained 11).
A hobgoblin comes into view.
The hobgoblin shouts!
You shoot an arrow. The arrow barely misses the hobgoblin.
You shoot an arrow. The arrow barely misses the hobgoblin.
You shoot an arrow.
The arrow hits the hobgoblin but does no damage.
You shoot an arrow. The arrow hits the hobgoblin!
No target in view!
No target in view!
Done exploring.
Done exploring.
Done exploring.
No target in view!
There is a stone staircase leading down here.
You climb downwards.
There is a stone staircase leading up here.
You shoot an arrow. The arrow hits the worm.
You shoot an arrow. The arrow hits the worm.
The worm closely misses you.
You shoot an arrow. The arrow barely misses the worm.
The worm bites you.
You take 6 damage, and have 12/18 hp.
MASSIVE DAMAGE!!
You shoot an arrow. The arrow barely misses the worm.
The worm closely misses you.
You shoot an arrow.
The arrow hits the worm but does no damage.
The worm barely misses you.
You shoot an arrow. The arrow hits the worm.
Fire: a) +0 shortbow
Press: ? - help, Q - select action, (/) - cycle Shift-Dir - straight line, f/p - worm
Aim: a worm (moderately wounded, 79% to hit)
You shoot an arrow. The arrow hits the worm!
A bat comes into view.
The worm bites you.
The bat moves out of view.
You take 2 damage, and have 10/18 hp.
Fire: a) +0 shortbow
Press: ? - help, Q - select action, (/) - cycle Shift-Dir - straight line, f/p - worm
Aim: a worm (severely wounded, 79% to hit)
You shoot an arrow. The arrow hits the worm.
The worm misses you.
There are monsters nearby!
Fire: a) +0 shortbow
Press: ? - help, Q - select action, (/) - cycle Shift-Dir - straight line, p - worm You shoot an arrow.
The bat barely misses you. The worm bites you.
You take 3 damage, and have 7/18 hp.
Fire: a) +0 shortbow
Press: ? - help, Q - select action, (/) - cycle Shift-Dir - straight line, f - bat
Aim: a bat (46% to hit)
You shoot an arrow. The arrow closely misses the bat.
The bat completely misses you. The bat closely misses you. The worm bites you.
* * * LOW HITPOINT WARNING * * *
You take 2 damage, and have 5/18 hp.
Fire: a) +0 shortbow
Press: ? - help, Q - select action, (/) - cycle Shift-Dir - straight line, f/p - bat
Aim: a bat (46% to hit)
You shoot an arrow. The arrow closely misses the bat.
The bat hits you.
* * * LOW HITPOINT WARNING * * *
The bat hits you but does no damage.
You take 1 damage, and have 4/18 hp.
There are monsters nearby!
Fire: a) +0 shortbow
Press: ? - help, Q - select action, (/) - cycle Shift-Dir - straight line, f/p - bat
Aim: a bat (46% to hit)
You shoot an arrow. The arrow hits the bat.
The bat barely misses you. The bat closely misses you.
The worm bites you but does no damage.
Fire: a) +0 shortbow
Press: ? - help, Q - select action, (/) - cycle Shift-Dir - straight line, f/p - bat
Aim: a bat (moderately wounded, 46% to hit)
You shoot an arrow. The arrow hits the bat.
The bat hits you.
* * * LOW HITPOINT WARNING * * *
The worm bites you but does no damage. The bat hits you but does no damage.
You take 1 damage, and have 3/18 hp.
There are monsters nearby!
Fire: a) +0 shortbow
Press: ? - help, Q - select action, (/) - cycle Shift-Dir - straight line, f/p - bat
Aim: a bat (severely wounded, 46% to hit)
You shoot an arrow. The arrow barely misses the bat.
The bat hits you.
* * * LOW HITPOINT WARNING * * *
The bat misses you. The worm bites you.
You die...

##### ###
......#.####...
#...@..b....
#.#.w####...
..... ###..#.
...#.. #...# ##
#.... #..##


You could see a worm and a bat.

Vanquished Creatures
  A dart slug (D:1)
  5 ball pythons (D:1)
  A giant cockroach (D:1)
  2 hobgoblins (D:1)
  4 jackals (D:1)
  3 bats (D:1)
  A kobold (D:1)
  2 rats (D:1)
19 creatures vanquished.

Notes
Turn   | Place    | Note
-------+----------+-------------------------------------------
     0 | D:1      | IndexError the Gargoyle Hunter began the quest for the Orb.
     0 | D:1      | Reached XP level 1. HP: 12/12 MP: 1/1
    95 | D:1      | Reached XP level 2. HP: 18/18 MP: 2/2
   624 | D:2      | HP: 4/18 [bat (1)]
   627 | D:2      | Slain by a worm

Illustrated notes

Levels and vault maps discovered:
D:1:      dpeg_arrival_rooms_a, layout_basic
D:2:      wad_river_or_something, layout_basic

Action                   || total
-------------------------++-------
 Fire: Shortbow          ||    67
Armor: Leather armour    ||    11
Dodge: Dodged            ||    25

Table legend: (Time is in decaauts)
 A = Elapsed time spent in this place.
 B = Non-inter-level travel time spent in this place.
 C = Inter-level travel time spent in this place.
 D = Time resting spent in this place.
 E = Time spent auto-exploring this place.
 F = Levels seen in this place.
 G = Mean time per level.
                   A        B        C        D        E       F      G
               +--------+--------+--------+--------+--------+-----+--------+
         Total |    648 |    620 |     28 |      0 |    513 |   2 |  324.0 |
       Dungeon |    648 |    620 |     28 |      0 |    513 |   2 |  324.0 |
               +--------+--------+--------+--------+--------+-----+--------+

Top non-repeatable levels by time:
     D:1: 630 daAuts
     D:2: 18 daAuts

Table legend:
 A = Kills in this place as a percentage of kills in entire the game.
 B = Kills by you in this place as a percentage of kills by you in the entire game.
 C = Kills by friends in this place as a percentage of kills by friends in the entire game.
 D = Other kills in this place as a percentage of other kills in the entire game.
 E = Experience gained in this place as a percentage of experience gained in the entire game.
 F = Experience gained in this place divided by the number of levels of this place that you have seen.
                   A       B       C       D       E      F
               +-------+-------+-------+-------+-------+----------------------
         Total | 100.0 | 100.0 |   N/A |   N/A | 100.0 |  16.0
       Dungeon | 100.0 | 100.0 |   N/A |   N/A | 100.0 |  16.0
               +-------+-------+-------+-------+-------+----------------------
